 Dungeon Crawl Stone Soup version 0.20.1 (webtiles) character file.

1197 protoss039 the Cleaver (level 8, -1/66 HPs)
             Began as a Minotaur Monk on July 2, 2017.
             Was a Believer of Okawaru.
             Slain by an ice beast (14 damage)
             ... on level 6 of the Dungeon.
             The game lasted 00:10:02 (4234 turns).

protoss039 the Cleaver (Minotaur Monk)              Turns: 4234, Time: 00:10:05

Health: -1/66      AC: 10    Str: 19    XL:     8   Next: 20%
Magic:  7/7        EV:  6    Int:  7    God:    Okawaru [**....]
Gold:   270        SH:  0    Dex: 12    Spells: 7/7 levels left

rFire    . . .     SeeInvis .   j - +1 war axe
rCold    . . .     Gourm    .   (no shield)
rNeg     . . .     Faith    .   e - +0 plate armour
rPois    .         Spirit   .   (helmet restricted)
rElec    .         Reflect  .   (no cloak)
rCorr    .         Harm     .   (no gloves)
MR       .....                  (no boots)
Stlth    ..........             (no amulet)
Regen    0.3/turn               (no ring)
MPRegen  0.1/turn               (no ring)

@: drained
A: retaliatory headbutt, horns 2
a: Heroism, Renounce Religion


You were on level 6 of the Dungeon.
You worshipped Okawaru.
Okawaru was pleased with you.
You were not hungry.

You visited 2 branches of the dungeon, and saw 7 of its levels.

You collected 270 gold pieces.

Inventory:

Hand Weapons
 j - a +1 war axe (weapon)
Missiles
 w - 3 javelins of penetration (quivered)
Armour
 e - a +0 plate armour (worn)
 m - a +0 ring mail
 y - a +0 troll leather armour {Purgy}
Scrolls
 g - 2 scrolls of remove curse
 h - 3 scrolls of enchant weapon
 k - a scroll of amnesia
 l - a scroll of recharging
 n - a scroll of fog
 s - a scroll of blinking
 u - a scroll of holy word {unknown}
Potions
 a - 2 potions of might
 i - 4 potions of curing
 o - 2 potions of lignification
 p - 3 potions of heal wounds
 r - 2 potions of flight
 t - 2 potions of invisibility
 v - a potion of mutation {unknown}
Comestibles
 b - 4 fruits
 c - 8 bread rations
 d - 2 royal jellies
 f - 2 meat rations
 q - 9 chunks of flesh


   Skills:
 - Level 3.9(3.6) Fighting
 * Level 11.8(11.5) Axes
 - Level 3.5(3.2) Dodging
 - Level 1.6(1.4) Stealth


You had 7 spell levels left.
You didn't know any spells.

Dungeon Overview and Level Annotations

Branches:
Dungeon (6/15)             Temple (1/1) D:4

Altars:
Cheibriados
Dithmenos
Fedhas
Gozag
Hepliaklqana
Kikubaaqudgha
Makhleb
Nemelex Xobeh
Okawaru
Qazlal
Ru
Sif Muna
Trog
Vehumet
Xom
Yredelemnul
Zin


Innate Abilities, Weirdness & Mutations

You reflexively headbutt those who attack you in melee.
You have a pair of horns on your head.


Message History

Unknown command.
You slash the ice beast!
The ice beast is heavily wounded.
The ice beast hits you but does no damage.
You hit the ice beast.
The ice beast is heavily wounded.
The ice beast hits you. The ice beast freezes you.
You completely miss the ice beast.
The ice beast is heavily wounded.
You hit the ice beast. Your headbutt misses the ice beast.
The ice beast is severely wounded.
The ice beast hits you. The ice beast freezes you!
* * * LOW HITPOINT WARNING * * *
You completely miss the ice beast.
You headbutt the ice beast, but do no damage.
The ice beast is severely wounded.
The ice beast hits you.
* * * LOW HITPOINT WARNING * * *
The ice beast freezes you!
You die...

##.#####.#.#.........#
#†# #.#...#######.#
#.# #.##.## . #.#
#.##.#### #.#
#.##.##.[ #.#
#.##.##.# #.#
#.##.##.#
#.#####.##.##Y#
#....##.##.##@######
####.##..............
#........(....###.
#..#####.#.##.# #..#
#.#.# .# #..# #.#.# #
#..# #.#.. #..# #....
#..# ###.##


You could see an ice beast.

Vanquished Creatures
  Edmund (D:4)
  Purgy (D:4)
  An ogre (D:4)
  3 centaurs
  A scorpion (D:5)
  A bullfrog zombie (D:5)
  An orc priest (D:5)
  2 orc wizards (D:5)
  2 centaur skeletons
  2 hounds
  An iguana (D:4)
  3 worker ants (D:4)
  A hound skeleton (D:5)
  Robin (D:4)
  A worker ant zombie (D:5)
  5 adders
  8 gnolls
  2 oozes (D:2)
  2 adder skeletons
  A dart slug (D:2)
  6 leopard geckos
  8 orcs
  2 ball pythons
  4 bats
  3 giant cockroaches
  17 goblins
  4 hobgoblins
  5 jackals
  3 quokkas
  4 frilled lizards
  A jackal zombie (D:5)
  9 kobolds
  8 rats
114 creatures vanquished.

Notes
Turn   | Place    | Note
-------+----------+-------------------------------------------
     0 | D:1      | protoss039 the Minotaur Monk began the quest for the Orb.
     0 | D:1      | Reached XP level 1. HP: 19/19 MP: 0/0
    53 | D:1      | Reached XP level 2. HP: 17/27 MP: 1/1
   150 | D:1      | Reached skill level 4 in Axes
   332 | D:1      | You fall through a shaft!
   603 | D:1      | Reached XP level 3. HP: 25/33 MP: 2/2
   832 | D:2      | Reached skill level 5 in Axes
  1350 | D:3      | Found a glowing silver altar of Zin.
  1354 | D:3      | Noticed a centaur
  1362 | D:3      | Killed a centaur
  1362 | D:3      | Reached skill level 6 in Axes
  1362 | D:3      | Reached XP level 4. HP: 27/40 MP: 3/3
  1362 | D:3      | Reached XP level 5. HP: 32/46 MP: 4/4
  1728 | D:3      | Reached skill level 7 in Axes
  1841 | D:4      | Noticed Robin
  1876 | D:4      | Killed Robin
  1876 | D:4      | Reached XP level 6. HP: 27/52 MP: 5/5
  1879 | D:4      | Reached skill level 8 in Axes
  2340 | D:4      | Noticed Purgy
  2350 | D:4      | Killed Purgy
  2350 | D:4      | Reached skill level 9 in Axes
  2439 | D:4      | Reached XP level 7. HP: 57/58 MP: 6/6
  2897 | D:4      | Noticed Edmund
  2914 | D:4      | Killed Edmund
  2914 | D:4      | Reached skill level 10 in Axes
  2927 | D:4      | Found a staircase to the Ecumenical Temple.
  2939 | Temple   | Entered the Ecumenical Temple
  3216 | D:5      | Entered Level 5 of the Dungeon
  3607 | D:5      | Reached skill level 11 in Axes
  3677 | D:5      | Found an iron altar of Okawaru.
  3686 | D:5      | Became a worshipper of Warmaster Okawaru
  3686 | D:5      | Reached * piety under Okawaru
  3686 | D:5      | Reached ** piety under Okawaru
  3778 | D:5      | Reached XP level 8. HP: 66/66 MP: 7/7
  3881 | D:5      | Found a bloodstained altar of Trog.
  4234 | D:6      | Slain by an ice beast

Skill      XL: |  1  2  3  4  5  6  7 |
---------------+----------------------+-----
Axes           | 4 6 7 9 11 | 11.8
Fighting       | |  3.9
Dodging        | |  3.5
Stealth        | |  1.6

Action                   |  1- 3 |  4- 6 |  7- 9 || total
-------------------------+-------+-------+-------++-------
Melee: Hand axe          |    86 |       |       ||    86
       Headbutt          |    19 |    18 |    32 ||    69
       War axe           |     5 |    76 |   133 ||   214
  Use: Potion            |       |     1 |       ||     1
       Scroll            |       |     6 |     9 ||    15
 Stab: Sleeping          |     2 |       |     1 ||     3
  Eat: Chunk             |     1 |     4 |     6 ||    11
Armor: Ring mail         |    26 |    16 |       ||    42
       Robe              |     3 |       |       ||     3
       Plate armour      |       |       |    72 ||    72
Dodge: Dodged            |    53 |    64 |    31 ||   148
